 Dungeon Crawl Stone Soup version 0.32-a0-18-g89e19f1974 (webtiles) character file.

Game seed: 1723533287602690998

2636 croobank the Sneak (level 9, -4/47 HPs)
             Began as a Felid Summoner on Jan 16, 2024.
             Was an Initiate of Kikubaaqudgha.
             Slain by a manticore (24 damage)
             ... on level 6 of the Dungeon.
             The game lasted 00:37:16 (6888 turns).

croobank the Sneak (Felid Summoner)                 Turns: 6888, Time: 00:37:17

Health: -4/47      AC:  2    Str:  4    XL:     9   Next: 35%
Magic:  4/17       EV: 21    Int: 23    God:    Kikubaaqudgha [......]
Gold:   277        SH:  0    Dex: 17    Spells: 4/18 levels left
                                        Lives:  0   Deaths: 3

rFire   . . .        (weapon unavailable)
rCold   . . .        (shield unavailable)
rNeg    . . .        (body armour unavailable)
rPois   .            (helmet unavailable)
rElec   .            (cloak unavailable)
rCorr   +            (gloves unavailable)
SInv    +            (boots unavailable)
Will    +....        (no amulet)
Stlth   ++++         e - ring of resist corrosion
HPRegen 0.27/turn    (no ring)
MPRegen 0.15/turn

%: no passive effects
@: spiked, inugami summoned
A: very small, claws 1, fangs 3, see invisible, shaggy fur 2, stealthy paws, no
weapons or thrown items, no armour, multi-lived
a: Renounce Religion


You were on level 6 of the Dungeon.
You worshipped Kikubaaqudgha.
Kikubaaqudgha was noncommittal.
You visited 2 branches of the dungeon, and saw 7 of its levels.

You collected 277 gold pieces.

Inventory:

Jewellery
 e - a ring of resist corrosion (left paw)
 p - an amulet of the acrobat
Talismans
 b - a dragon-blood talisman
Wands
 f - a wand of light (5)
Scrolls
 c - 4 scrolls of teleportation
 m - a scroll of fear
 n - a scroll of enchant armour
 o - a scroll of torment {unknown}
Potions
 h - 2 potions of mutation
 i - 2 potions of curing
 j - 3 potions of enlightenment
 l - a potion of brilliance
 q - a potion of attraction {unknown}


   Skills:
 + Level 5.0 Fighting
 + Level 7.3 Dodging
 + Level 7.6 Stealth
 + Level 5.0 Spellcasting
 + Level 6.5 Summonings
 - Level 5.0 Fire Magic


You had 4 spell levels left.
You knew the following spells:

 Your Spells              Type           Power      Damage    Failure   Level
a - Summon Small Mammal   Summ           100%       N/A       1%          1
b - Call Imp              Summ           70%        N/A       1%          2
c - Call Canine Familiar  Summ           35%        N/A       1%          3
d - Summon Blazeheart Go  Fire/Summ      32%        N/A       9%          4
e - Summon Lightning Spi  Summ/Air       20%        N/A       24%         4

Your spell library contained the following spells:

 Spells                   Type           Power      Damage    Failure   Level
 Apportation              Tloc           10%        N/A       10%         1
 Sting                    Conj/Alch      20%        1d4       10%         1
 Jinxbite                 Hex            10%        N/A       14%         2
 Mercury Vapours          Alch/Air       10%        N/A       14%         2
 Fugue of the Fallen      Necr           5%         N/A       28%         3
 Ozocubu's Armour         Ice            5%         N/A       28%         3
 Manifold Assault         Tloc           5%         N/A       67%         4
 Olgreb's Toxic Radiance  Alch           5%         N/A       67%         4
 Alistair's Intoxication  Alch           3%         N/A       95%         5
 Sculpt Simulacrum        Ice/Alch       2%         N/A       100%        6
 Ozocubu's Refrigeration  Ice            2%         4d8       100%        7
 Polar Vortex             Ice            2%         N/A       100%        9


Dungeon Overview and Level Annotations

Branches:
Dungeon (6/15)             Temple (1/1) D:6

Altars:
Ashenzari
Cheibriados
Dithmenos
Elyvilon
Fedhas
Gozag
Kikubaaqudgha
Makhleb
Nemelex Xobeh
Ru
Sif Muna
Trog
Uskayaw
Vehumet
Wu Jian
Xom
Yredelemnul
Zin
The Shining One

Annotations:
D:4 exclusions: goblin and howler monkey, Edmund, Eustachio, Grinder, Ijyb


Innate Abilities, Weirdness & Mutations

You have sharp claws.
You have razor-sharp teeth.
You have supernaturally acute eyesight. (SInv)
You are covered in thick fur. (AC +2)
Your paws help you pounce on unaware monsters.
You are incapable of wielding weapons or throwing items.
You cannot wear armour.
You gain extra lives every three experience levels.


Message History

Casting: Summon Blazeheart Golem (dangerous; 9% risk of failure)
Confirm with . or Enter, or press ? or * to list all spells.
An electric hum fills the air.
The manticore flicks its tail.
The volley of spikes skewers you!!
The barbed spikes become lodged in your body.
Casting: Summon Lightning Spire (quite dangerous; 24% risk of failure)
Confirm with . or Enter, or press ? or * to list all spells.
A fiery spirit appears, bound in slag iron.
Casting: Summon Blazeheart Golem (dangerous; 9% risk of failure)
Confirm with . or Enter, or press ? or * to list all spells.
You call for your canine familiar and it appears with a howl!
The manticore flicks its tail.
The volley of spikes skewers you!
The barbed spikes become lodged in your body.
* * * LOW HITPOINT WARNING * * *
Your lightning spire shoots out a bolt of lightning at the manticore!
The bolt of electricity hits the manticore!
Casting: Call Canine Familiar (safe; 1% risk of failure)
Confirm with . or Enter, or press ? or * to list all spells.
A tiny devil pulls itself out of the air.
Your blazeheart golem's core grows cold and it stops moving.
Casting: Call Imp (safe; 1% risk of failure)
Confirm with . or Enter, or press ? or * to list all spells.
Your cerulean imp hits the manticore but does no damage.
Your inugami hits the manticore!
You feel better.
Your bat barely misses the manticore.
Your bat hits the manticore.
Your cerulean imp hits the manticore but does no damage.
Aiming: Bolt of Light
Press: ? - help, Shift-Dir - straight line, f/p - manticore
Aim: a manticore (moderately wounded, ally target, 83% to hit)
The bolt of light hits the manticore!
The manticore is severely wounded.
The manticore is blinded.
Your bat hits the manticore but does no damage.
The manticore bites you!!
Ouch! That really hurt!
You die...
Kikubaaqudgha rasps: "You have failed me!
Welcome... death!"

.........#..# #..##
#..#....# ...###......#
#...# ##.......## ####
####...###...#
#..#......##
###..#....####..#......##
##.......##..........#.
##......##..#.........
##.....##..#.........
#.....#...#.........
#..@H.#..##.........
#.8.h...............
#.b..5...........###
#.9)..#....#######
#.....#....#
##....###...# ####
##..##.# #...# ...#
##...######...## ##.#
#...## ##......#


You could see a manticore (blind, unable to see you, ally target), a friendly
lightning spire (summoned), a friendly blazeheart golem (summoned, paralysed), a
friendly cerulean imp (summoned), a friendly inugami (summoned) and a friendly
bat (summoned).

Vanquished Creatures
  5 yaks (D:6)
  A steam dragon (D:6)
  Duvessa (D:6)
  An ice beast (D:6)
  An orc warrior (D:6)
  A phantom (D:6)
  A wight (D:6)
  Dowan (D:6)
  An adder (D:6)
  2 ball pythons
  5 bats
  2 endoplasms
  A goblin (D:3)
  A hobgoblin (D:2)
24 creatures vanquished.

Vanquished Creatures (collateral kills)
  2 water moccasins
  An orc warrior (D:6)
  2 phantoms
  3 bullfrogs (D:6)
  3 scorpions
  A wight (D:6)
  2 hounds (D:5)
  3 jellies
  2 sleepcaps
  3 iguanas
  An orc wizard (D:4)
  7 adders
  3 gnolls (D:3)
  A shadow imp (D:6)
  2 dart slugs (D:2)
  2 ribbon worms
  8 orcs
  An endoplasm (D:3)
  2 giant cockroaches (D:3)
  3 goblins
  9 hobgoblins
  8 jackals (D:2)
  7 kobolds
  4 quokkas
  7 ball pythons
  2 bats
  2 frilled lizards (D:2)
  3 rats
94 creatures vanquished.

Vanquished Creatures (others)
  2 white imps (D:6)
  5 blazeheart cores (D:6)
7 creatures vanquished.

Grand Total: 125 creatures vanquished

Notes
Turn   | Place    | Note
-------+----------+-------------------------------------------
     0 | D:1      | croobank the Felid Summoner began the quest for the Orb.
     0 | D:1      | Reached XP level 1. HP: 9/9 MP: 4/4
   292 | D:1      | Reached XP level 2. HP: 14/14 MP: 3/6
   295 | D:1      | Learned a level 2 spell: Call Imp
   918 | D:2      | Reached skill level 1 in Fighting
   918 | D:2      | Reached XP level 3. HP: 18/18 MP: 2/7
   922 | D:2      | Learned a level 3 spell: Call Canine Familiar
  1568 | D:2      | Found a faded altar of an unknown god.
  1588 | D:2      | Mangled by a kobold
  1588 | D:2      | Lost a life (0 lives remaining)
  1648 | D:2      | Reached XP level 4. HP: 22/22 MP: 6/8
  1648 | D:2      | Gained a life (1 life remaining)
  2286 | D:3      | Noticed a phantom
  2301 | D:3      | Killed a phantom
  2302 | D:3      | Reached XP level 5. HP: 26/26 MP: 2/10
  3013 | D:4      | Noticed Edmund
  3094 | D:4      | Noticed a phantom
  3119 | D:4      | Killed a phantom
  3120 | D:4      | Gained mutation: You are covered in thick fur. (AC +2)
                  | [Felid growth]
  3120 | D:4      | Reached XP level 6. HP: 32/32 MP: 4/11
  3524 | D:4      | Found a hide-covered altar of Uskayaw.
  3546 | D:4      | Noticed Eustachio
  3603 | D:4      | Noticed Ijyb
  3768 | D:5      | Entered Level 5 of the Dungeon
  3942 | D:5      | Noticed a water moccasin
  3949 | D:5      | Learned a level 4 spell: Summon Blazeheart Golem
  3999 | D:5      | Killed a water moccasin
  4000 | D:5      | Reached skill level 5 in Stealth
  4000 | D:5      | Reached skill level 5 in Summonings
  4000 | D:5      | Reached skill level 1 in Fire Magic
  4346 | D:4      | Reached skill level 5 in Dodging
  4346 | D:4      | Reached XP level 7. HP: 36/36 MP: 9/13
  4346 | D:4      | Gained a life (2 lives remaining)
  4468 | D:4      | Noticed Grinder
  5215 | D:5      | Found a bloodstained altar of Trog.
  5217 | D:5      | Found a broken altar of Ashenzari.
  5217 | D:5      | Found a shimmering altar of Xom.
  5218 | D:5      | Found a burning altar of Makhleb.
  5666 | D:6      | Found a staircase to the Ecumenical Temple.
  5675 | D:6      | Noticed a yak
  5676 | D:6      | Noticed a yak
  5676 | D:6      | Noticed a yak
  5677 | D:6      | Noticed a yak
  5677 | D:6      | Noticed a yak
  5677 | D:6      | Noticed a yak
  5700 | D:6      | Killed a yak
  5700 | D:6      | Killed a yak
  5700 | D:6      | Killed a yak
  5700 | D:6      | Killed a yak
  5700 | D:6      | Killed a yak
  5701 | D:6      | Reached XP level 8. HP: 42/42 MP: 5/15
  5710 | D:6      | Noticed Duvessa
  5757 | D:6      | Killed by an exploding blazeheart core
  5757 | D:6      | Lost a life (1 life remaining)
  5763 | Temple   | Entered the Ecumenical Temple
  5790 | Temple   | Became a worshipper of Kikubaaqudgha
  5917 | D:6      | Learned a level 4 spell: Summon Lightning Spire
  6360 | D:6      | Reached XP level 9. HP: 37/46 MP: 13/17
  6553 | D:6      | Noticed Dowan
  6580 | D:6      | Killed Duvessa
  6580 | D:6      | Killed Dowan
  6588 | D:6      | Noticed a manticore
  6660 | D:6      | HP: 2/46 [white imp/puff of frost (5)]
  6676 | D:6      | Reached skill level 5 in Fire Magic
  6679 | D:6      | Demolished by a manticore
  6679 | D:6      | Lost a life (0 lives remaining)
  6794 | D:6      | Reached skill level 5 in Fighting
  6794 | D:6      | Reached skill level 5 in Spellcasting
  6888 | D:6      | Slain by a manticore

Illustrated notes

Levels and vault maps discovered:
D:1:      spicycebolla_arrival_xxxplode, layout_basic, minmay_hexomino_p4
D:2:      layout_loops_ring, hellmonk_ecumenical_altar_blasted, st_stairs_2
D:3:      minmay_general_purpose_star, layout_basic
D:4:      layout_basic, mainiacjoe_overflow_concentric_impassable, uniq_ijyb,
          uniq_eustachio, uniq_edmund, uniq_grinder
D:5:      layout_loops_corners, grunt_temple_overflow_open, serial_library,
          serial_library_hellmonk_secret_room, serial_library_hellmonk_h_bend,
          serial_library_hellmonk_h_bend, serial_library_hellmonk_angled_corner,
          serial_library_hellmonk_open_square,
          serial_library_regret_index_split_case,
          serial_library_regret_index_multi
D:6:      cheibrodos_barr_body, layout_cave_pods, minmay_temple_entry_tees,
          uniq_duvessa
Temple:   dpeg_chambers_temple

Skill      XL: |  1  2  3  4  5  6  7  8  9 |
---------------+----------------------------+-----
Stealth        | 3 4 5 6 7 |  7.6
Dodging        | 3 4 5 6 7 |  7.3
Fighting       | 1 2 3 4 5 |  5.0
Spellcasting   | 3 4 5 |  5.0
Summonings     | 5 6 |  6.5
Fire Magic     | 1 3 4 5 |  5.0

Action                     |  1- 3 |  4- 6 |  7- 9 || total
---------------------------+-------+-------+-------++-------
  Melee: Unarmed           |    24 |    32 |     7 ||    63
         Bite              |     2 |     2 |     2 ||     6
         Punch             |       |       |     1 ||     1
   Cast: Summon Small Mamm |    28 |    30 |    25 ||    83
         Call Imp          |    11 |    20 |    16 ||    47
         Call Canine Famil |     5 |    18 |    13 ||    36
         Summon Blazeheart |       |       |    10 ||    10
         Summon Lightning  |       |       |     4 ||     4
  Evoke: Wand              |       |       |     7 ||     7
    Use: Scroll            |     1 |     4 |     6 ||    11
         Potion            |       |       |     9 ||     9
   Stab: Sleeping          |     2 |     2 |     3 ||     7
 Armour: Skin              |    11 |    14 |    36 ||    61
  Dodge: Dodged            |    45 |    51 |    47 ||   143

Table legend: (Time is in decaauts)
 A = Elapsed time spent in this place.
 B = Non-inter-level travel time spent in this place.
 C = Inter-level travel time spent in this place.
 D = Time resting spent in this place.
 E = Time spent auto-exploring this place.
 F = Levels seen in this place.
 G = Mean time per level.
                   A        B        C        D        E       F      G
               +--------+--------+--------+--------+--------+-----+--------+
         Total |   6868 |   6633 |    235 |    686 |   4414 |   7 |  981.1 |
       Dungeon |   6813 |   6631 |    182 |    686 |   4414 |   6 | 1135.5 |
        Temple |     54 |      1 |     53 |      0 |      0 |   1 |   54.0 |
               +--------+--------+--------+--------+--------+-----+--------+

Top non-repeatable levels by time:
     D:5: 1433 daAuts
     D:4: 1201 daAuts
     D:6: 1199 daAuts
     D:2: 1065 daAuts
     D:3: 1062 daAuts
     D:1: 851 daAuts
  Temple: 54 daAuts
